AoeStats
← Molgrimmarr

MegaRandom

505120284Analyzed
2v2 RM · 25d ago on Sep 7, 2026· 32m 53s· 4 players
Game mode
Random Map
Map size
Medium (4 player)
Population
200
Speed
Normal
Resources
Standard
Victory
Conquest
Starting age
Dark Age
Ending age
Imperial Age
RankedLock teamsTeams togetherTeam positionsShared explorationLock speedFull tech treeHidden civsTurbo modeCheats
Victory
Defeat
🇨🇦 Vietnamese · Canada
1043
+13
🇨🇦 Cumans · Canada
868
+19
🇵🇹 Franks · Portugal
1000
-55
🇿🇦 Teutons · South Africa
917
-14
Hacks Who
11:18 Feudal Age
13:07 Wheelbarrow
22:30 Castle Age
emperor boot
10:50 Feudal Age
11:25 Double-Bit Axe
17:07 Castle Age
14:53 Loom
15:38 Gold Mining
15:49 Horse Collar
16:49 Wheelbarrow
19:08 Bloodlines
19:08 Scale Barding Armor
22:14 Stone Mining
24:09 Stone Shaft Mining
25:20 Bow Saw
24:55 Elite Skirmisher
26:50 Fletching
28:31 Hand Cart
29:46 Bodkin Arrow
32:20 Ballistics
alex.feldblioum
8:23 Loom
11:33 Feudal Age
17:30 Wheelbarrow
19:30 Horse Collar
27:15 Castle Age
26:07 Fletching
26:22 Padded Archer Armor
26:27 Scale Barding Armor
26:19 Town Watch
26:35 Double-Bit Axe
28:05 Thumb Ring
27:48 Capped Ram
30:01 Ballistics
29:38 Murder Holes
30:13 Heavy Plow
30:07 Gold Mining
30:07 Stone Mining
31:36 Bodkin Arrow
31:58 Leather Archer Armor
Molgrimmarr
8:12 Loom
10:44 Feudal Age
11:58 Double-Bit Axe
14:24 Horse Collar
17:07 Gold Mining
17:13 Fletching
17:25 Padded Archer Armor
22:09 Castle Age
22:24 Forging
22:15 Scale Mail Armor
23:02 Bow Saw
22:48 Pikeman
22:58 Crossbowman
23:37 Arson
25:19 Squires
25:49 Bodkin Arrow
28:44 Wheelbarrow
28:16 Heavy Plow
29:01 Iron Casting
29:21 Ballistics
32:08 Bloodlines
31:58 Husbandry
32:12 Scale Barding Armor
Connection lost

Rejoining the realm…

Still unreachable

The connection could not be restored.

Session expired

The server has moved on; the page needs a fresh start.